 Dungeon Crawl Stone Soup version 0.21-a0-278-ga722497 (webtiles) character file.

165 prokat the Magician (level 5, 0/37 HPs)
             Began as a Demonspawn Wanderer on Sept 22, 2017.
             Was an Initiate of Kikubaaqudgha.
             Succumbed to an adder's poison
             ... on level 3 of the Dungeon.
             The game lasted 00:20:53 (3942 turns).

prokat the Magician (Demonspawn Wanderer)           Turns: 3942, Time: 00:20:54

Health: 0/37       AC:  8    Str: 16    XL:     5   Next: 21%
Magic:  10/10      EV:  7    Int: 12    God:    Kikubaaqudgha [......]
Gold:   109        SH: 10    Dex: 11    Spells: 10/11 levels left

rFire    + . .     SeeInvis .   k - +0 war axe
rCold    . . .     Gourm    .   l - +2 shield
rNeg     . . .     Faith    +   s - +0 scale mail
rPois    .         Spirit   .   (no helmet)
rElec    .         Reflect  .   (no cloak)
rCorr    .         Harm     .   (no gloves)
MR       .....                  (no boots)
Stlth    +.........             t - amulet of faith
HPRegen  0.12/turn              h - ring of stealth
MPRegen  0.12/turn              (no ring)

@: lethally poisoned (0 -> -8)
A: hooves 1, icy blue scales 1, demonic guardian 1, fire resistance 1
a: Renounce Religion


You were on level 3 of the Dungeon.
You worshipped Kikubaaqudgha.
Kikubaaqudgha was noncommittal.
You were full.

You visited 1 branch of the dungeon, and saw 3 of its levels.

You collected 109 gold pieces.

Inventory:

Hand Weapons
 a - a +0 hunting sling
 k - a +0 war axe (weapon)
Missiles
 p - 27 arrows
 q - 42 bolts
Armour
 l - a +2 shield (worn)
 s - a +0 scale mail (worn)
Jewellery
 h - a ring of stealth (left hand)
 t - an amulet of faith (around neck)
Scrolls
 e - a scroll of remove curse
 j - a scroll of amnesia
 n - a scroll of magic mapping
Potions
 m - a potion of degeneration
Books
 b - the Grimoire of Intoxication

   Spells                             Type                      Level
   a - Sting                          Conjuration/Poison           1
   b - Spider Form                    Transmutation/Poison         3
 c - Xuhiywi's Collected Works on the Volcanoes

   Spells                             Type                      Level
   a - Flame Tongue                   Conjuration/Fire             1
   b - Inner Flame                    Hexes/Fire                   3
Comestibles
 f - 2 bread rations
 g - 5 fruits


   Skills:
 + Level 1.0 Fighting
 + Level 1.2 Axes
   Level 0.1(0.7) Maces & Flails
 + Level 1.2 Armour
 + Level 1.1 Dodging
 + Level 0.4 Stealth
 + Level 2.8 Shields
 + Level 3.6 Spellcasting
 + Level 0.4 Conjurations
 + Level 1.1 Necromancy
   Level 1.7 Translocations
   Level 1.7 Fire Magic
 + Level 1.2 Poison Magic


You had 10 spell levels left.
You knew the following spells:

 Your Spells              Type           Power        Failure   Level  Hunger
a - Sting                 Conj/Pois      #...         97%         1    #......


Dungeon Overview and Level Annotations

Branches:
Dungeon (3/15)

Altars:
Gozag
Hepliaklqana
Kikubaaqudgha
Okawaru


Innate Abilities, Weirdness & Mutations

You have large cloven feet.
You are partially covered in icy blue scales. (AC +2)
A weak demonic guardian rushes to your aid.
Your flesh is heat resistant. (rF+)


Message History

You feel sick. The adder bites you.
* * * LOW HITPOINT WARNING * * *
The adder barely misses you.
You closely miss the adder. Your kick misses the adder.
The adder is heavily wounded.
* * * LOW HITPOINT WARNING * * *
You feel sick.
The adder bites you but does no damage. x2
Your shield and scale mail prevent you from hitting the adder.
You kick the adder.
You kill the adder!
Kikubaaqudgha accepts your kill.
* * * LOW HITPOINT WARNING * * *
You feel sick.
* * * LOW HITPOINT WARNING * * *
You feel sick.
* * * LOW HITPOINT WARNING * * *
You feel sick.
You eat the meat ration.
That meat ration really hit the spot!
You die...
Kikubaaqudgha rasps: "You have failed me!
Welcome... death!"

######### #@......#
#.#####.# #####
#.#####.###...#
......)...........#.#
##..###.#####.###...#
# #.......####.#####
##########........
##.###.##. #..(......


There were no monsters in sight!

Vanquished Creatures
  A vampire bat (D:3)
  3 adders
  3 gnolls
  An ooze (D:3)
  A leopard gecko (D:3)
  5 orcs (D:3)
  A ball python (D:3)
  2 giant cockroaches (D:3)
  5 goblins
  5 hobgoblins
  4 jackals (D:3)
  2 kobolds
  10 bats
  5 frilled lizards
  5 rats
53 creatures vanquished.

Vanquished Creatures (collateral kills)
  A vampire bat (D:3)
1 creature vanquished.

Grand Total: 54 creatures vanquished

Notes
Turn   | Place    | Note
-------+----------+-------------------------------------------
     0 | D:1      | prokat the Demonspawn Wanderer began the quest for the Orb.
     0 | D:1      | prokat set off with: a +0 shield, the Grimoire of Intoxication, Xuhiywi's Collected Works on the Volcanoes, a +0 robe, a +0 club, a bread ration
     0 | D:1      | Reached XP level 1. HP: 13/13 MP: 4/4
   870 | D:1      | Gained mutation: You are partially covered in icy blue scales. (AC +2) [demonic ancestry]
   870 | D:1      | Reached XP level 2. HP: 16/19 MP: 6/6
  1103 | D:2      | Identified the Grimoire of Intoxication
  1105 | D:2      | Learned a level 1 spell: Sting
  1895 | D:3      | Gained mutation: You have large cloven feet. [demonic ancestry]
  1895 | D:3      | Reached XP level 3. HP: 11/25 MP: 7/7
  2659 | D:3      | Reached skill level 1 in Dodging
  2927 | D:3      | Gained mutation: A weak demonic guardian rushes to your aid. [demonic ancestry]
  2927 | D:3      | Reached XP level 4. HP: 28/31 MP: 9/9
  3165 | D:3      | Reached skill level 1 in Armour
  3286 | D:3      | Reached skill level 1 in Poison Magic
  3643 | D:3      | Reached skill level 1 in Axes
  3653 | D:3      | Gained mutation: Your flesh is heat resistant. (rF+) [demonic ancestry]
  3653 | D:3      | Reached XP level 5. HP: 32/36 MP: 10/10
  3671 | D:3      | Found a hazy altar of Hepliaklqana.
  3673 | D:3      | Found an opulent altar of Gozag.
  3681 | D:3      | Reached skill level 1 in Fighting
  3705 | D:3      | Found an ancient bone altar of Kikubaaqudgha.
  3740 | D:3      | Became a worshipper of Kikubaaqudgha
  3873 | D:3      | Found an iron altar of Okawaru.
  3940 | D:3      | HP: 1/37 [poisoned by an adder]
  3942 | D:3      | Succumbed to an adder's poison

Vault maps used:
D:1:      lemuel_arrival_lava_pool, minmay_door_square
D:2:      serial_glass, glass_columns_b, glass_columns_b, glass_columns_b,
          glass_columns_a, glass_columns_b, glass_columns_a, glass_columns_b,
          glass_columns_b
D:3:      cheibrodos_helix_gallery, grunt_temple_overflow_open,
          lemuel_doored_altar, roderic_batcave

Skill      XL: |  1  2  3  4  5 |
---------------+----------------+-----
Shields        | 2 |  2.8
Dodging        | 1 |  1.1
Armour         | 1 |  1.2
Poison Magic   | 1 |  1.2
Axes           | 1 |  1.2
Fighting       | 1 |  1.0
Maces & Flails | |  0.1
Stealth        | |  0.4
Spellcasting   | |  3.6
Conjurations   | |  0.4
Necromancy     | |  1.1
Translocations | |  1.7
Fire Magic     | |  1.7

Action                   |  1- 3 |  4- 6 || total
-------------------------+-------+-------++-------
Melee: Club              |    49 |       ||    49
       Hand axe          |   108 |     3 ||   111
       Kick              |    13 |    22 ||    35
       War axe           |       |    97 ||    97
 Cast: Sting             |       |     1 ||     1
  Use: Scroll            |     4 |     5 ||     9
       Potion            |     3 |     1 ||     4
 Stab: Sleeping          |     3 |       ||     3
  Eat: Chunk             |     6 |     4 ||    10
       Meat ration       |       |     1 ||     1
Armor: Robe              |    23 |       ||    23
       Ring mail         |    35 |    29 ||    64
       Scale mail        |       |    23 ||    23
Dodge: Dodged            |    63 |    52 ||   115
Block: Shield            |    94 |    71 ||   165

Table legend:
 A = Spawn XP
 B = Non-spawn XP
 C = Spawn XP percentage of total XP
 D = Spawn monster count
 E = Non-spawn monster count
 F = Spawn count percentage of total count
 G = Total turns spent on level
                    A         B        C        D         E        F      G
               +---------+---------+-------+---------+---------+-------+---------
         Total |       0 |     236 |   0.0 |       0 |      54 |   0.0 |  3942
               +---------+---------+-------+---------+---------+-------+---------
           D:1 |       0 |      12 |   0.0 |       0 |       9 |   0.0 |  1074
           D:2 |       0 |      54 |   0.0 |       0 |      10 |   0.0 |  1314
           D:3 |       0 |     170 |   0.0 |       0 |      35 |   0.0 |  1554
               +---------+---------+-------+---------+---------+-------+---------
